 Dungeon Crawl Stone Soup version 0.19-a0-1841-gf1e0166 (webtiles) character file.

14 Flanowski the Grasshopper (level 2, -2/15 HPs)
             Began as a Spriggan Warper on Oct 9, 2016.
             Slain by a leopard gecko (4 damage)
             ... on level 1 of the Dungeon.
             The game lasted 00:01:16 (659 turns).

Flanowski the Grasshopper (Spriggan Warper)          Turns: 659, Time: 00:01:16

Health: -2/15      AC:  2    Str:  7    XL:     2   Next: 31%
Magic:  7/7        EV: 19    Int: 14    God:
Gold:   31         SH:  0    Dex: 15    Spells: 0 memorised, 7 levels left

rFire  . . .     SeeInvis +     a - +0 short sword
rCold  . . .     Gourm    .     b - +0 robe
rNeg   . . .     Faith    .     (shield restricted)
rPois  .         Spirit   .     (helmet restricted)
rElec  .         Dismiss  .     (no cloak)
rCorr  .         Reflect  .     (gloves unavailable)
MR     .....     Harm     .     (boots unavailable)
Stlth  ++........               (no amulet)
                                (no ring)
                                (no ring)

@: very quick
A: unfitting armour, see invisible, herbivore 3, speed 3, slow metabolism 2
a: no special abilities


You were on level 1 of the Dungeon.
You were not hungry.

You visited 1 branch of the dungeon, and saw 1 of its levels.

You collected 31 gold pieces.

Inventory:

Hand Weapons
 a - a +0 short sword (weapon)
Missiles
 e - 5 tomahawks of dispersal (quivered)
Armour
 b - a +0 robe (worn)
Scrolls
 d - a scroll of blinking
 i - 2 scrolls of identify {unknown}
 k - a scroll of remove curse {unknown}
 l - a scroll of teleportation {unknown}
Potions
 g - 2 potions of agility {unknown}
 h - a potion of magic {unknown}
 j - a potion of heal wounds {unknown}
 m - a potion of curing {unknown}
Books
 c - a book of Spatial Translocations

   Spells                             Type                      Level
   a - Blink                          Translocation                2
   b - Shroud of Golubria             Charms/Translocation         2
   c - Lesser Beckoning               Translocation                3
   d - Portal Projectile              Translocation                3
   e - Teleport Other                 Translocation                3
   f - Passage of Golubria            Translocation                4
Comestibles
 f - a bread ration


   Skills:
 + Level 1.7 Fighting
 - Level 2.1 Short Blades
 - Level 1.0 Throwing
 + Level 4.0 Dodging
 + Level 0.4 Stealth
 + Level 3.3 Spellcasting
   Level 4.4 Translocations


You had 7 spell levels left.
You didn't know any spells.

Dungeon Overview and Level Annotations

Branches:
Dungeon (1/15)

Altars:


Innate Abilities, Weirdness & Mutations

You are very small and have problems with some larger weapons.
You are too small for most types of armour.
You have supernaturally acute eyesight. (SInv)
You are a herbivore.
You cover ground extremely quickly.
You need consume almost no food.


Message History

The bat is severely wounded.
The bat completely misses you. The bat closely misses you.
You closely miss the bat.
The bat is severely wounded.
The bat closely misses you. The bat completely misses you.
You hit the bat.
You kill the bat!
The bat barely misses you.
You miss the bat. The bat completely misses you. The bat barely misses you.
You hit the bat but do no damage. The bat completely misses you.
The bat closely misses you.
You barely miss the bat. The bat barely misses you. The bat closely misses you.
The bat misses you. The bat hits you.
* * * LOW HITPOINT WARNING * * *
The bat completely misses you. The bat hits you but does no damage.
You closely miss the bat. The bat closely misses you.
The leopard gecko bites you.
You die...

#.# #.# #....##....# #..#####
###.# #.# ###..##.##.###(.# #
...# #.# #..##.........# # ..#
#.# #..##...##.##.# # ####.# #.#
#.......(..##.#####
.....####.######.##.....###...g..
####>......g.l..b....>#.# ##.#.##
....).....######l####.#[# #.#.#
####).##### #@# #(#.# #.#.#
...... #.# #.#.# #...# ####..#
#.####.#.######.# #..#
#...............# #.%#
######.....####.# #..# ###g#.#
#.# #.. #.#.# #.# #.#.# #.# #.#.#
#.#


You could see a leopard gecko and a bat.

Vanquished Creatures
  A dart slug (D:1)
  4 hobgoblins (D:1)
  2 bats (D:1)
  A frilled lizard (D:1)
  6 rats (D:1)
14 creatures vanquished.

Notes
Turn   | Place    | Note
-------+----------+-------------------------------------------
     0 | D:1      | Flanowski the Spriggan Warper began the quest for the Orb.
     0 | D:1      | Reached XP level 1. HP: 10/10 MP: 5/5
   561 | D:1      | Reached XP level 2. HP: 13/15 MP: 7/7
   659 | D:1      | Slain by a leopard gecko

Vault maps used:
D:1:      lightli_arrival_quake, roderic_cross_of_infinity, kennysheep_doodads

Skill      XL: |  1  2 |
---------------+-------+-----
Spellcasting   | 3 |  3.3
Dodging        | 4 |  4.0
Fighting       | |  1.7
Short Blades   | |  2.1
Throwing       | |  1.0
Stealth        | |  0.4
Translocations | |  4.4

Action                   || total
-------------------------++-------
Melee: Short sword       ||    70
 Stab: Sleeping          ||     1
Armor: Robe              ||    15
Dodge: Dodged            ||    93
